Cogmind - Beta 9.1 @@@ ROGUE MODE // 2019.11.10 @ 12:39:38 Player: sideriver81 Result: Destroyed by H-55 Commando with Assault Rifle Performance ------------- Evolutions (3) 1500 Regions Visited (5) 1000 Robots Destroyed (0) 0 Value Destroyed (0) 0 Prototype IDs (1) 20 Alien Tech Used (0) 0 Bonus (834) 834 TOTAL SCORE: 3354 Bonus ------- Pacifist 834 Cogmind --------- Core Integrity 0/700 Matter 221/300 Energy 92/100 System Corruption 4% Temperature Cool (0) Location -7/Storage Parts ------- Power (1) Propulsion (2) Improved Airjet Utility (8) Advanced Terrain Scan Processor Advanced Terrain Scan Processor Advanced Terrain Scan Processor Weapon (2) Inventory (4) Backup Power III Improved Airjet Small Storage Unit Medium Storage Unit Peak State ------------ Power Micro Nuclear Core Propulsion Improved Airjet Improved Airjet Utility Medium Storage Unit Advanced Sensor Array Advanced Terrain Scanner Advanced Terrain Scan Processor Advanced Terrain Scan Processor Advanced Terrain Scan Processor Transmission Jammer Weapon Maul Inventory Backup Power III Improved Airjet Improved Airjet Improved Airjet VTOL Module Xenon Bombardment Thruster Small Storage Unit Improved Sensor Array [Rating: 40] Favorites ----------- Power Micro Nuclear Core Engine Light Ion Engine Power Core Micro Nuclear Core Propulsion Improved Hover Unit Treads Light Treads Hover Unit Improved Hover Unit Flight Unit Xenon Bombardment Thruster Utility Advanced Terrain Scan Processor Device Advanced Sensor Array Storage Medium Storage Unit Processor Advanced Terrain Scan Processor Weapon Backup Laser III Energy Gun Backup Laser III Impact Weapon Maul Build | -11 -10 -9 -8 -7 -7 ------- Run | Scr Mat Mat Mat Fac Sto Slots Evolved 6 | . . 2 2 2 . Power . | . . . . . . Propulsion . | . . . . . . Utility 6 | . . 2 2 2 . Weapon . | . . . . . . Parts Attached 31 | 2 5 4 6 3 11 Power 3 | . 1 . 1 1 . Engine 2 | . 1 . 1 . . Core 1 | . . . . 1 . Reactor . | . . . . . . Propulsion 15 | 2 2 2 2 1 6 Treads 2 | 2 . . . . . Leg . | . . . . . . Wheel . | . . . . . . Hover 11 | . 2 2 2 1 4 Flight 2 | . . . . . 2 Utility 12 | . 2 2 3 1 4 Device 6 | . 1 1 1 1 2 Storage 3 | . 1 1 . . 1 Processor 3 | . . . 2 . 1 Hackware . | . . . . . . Protection . | . . . . . . Artifact . | . . . . . . Weapon 1 | . . . . . 1 Energy Gun . | . . . . . . Energy Cannon . | . . . . . . Ballistic Gun . | . . . . . . Ballistic Cannon . | . . . . . . Launcher . | . . . . . . Special Weapon . | . . . . . . Impact Weapon 1 | . . . . . 1 Slashing Weapon . | . . . . . . Piercing Weapon . | . . . . . . Special Melee Weapon . | . . . . . . Unidentified Prototypes 1 | . . . . . 1 Parts Lost 17 | . . 3 2 1 11 Power 3 | . . 1 1 . 1 Propulsion 9 | . . 2 1 1 5 Utility 4 | . . . . . 4 Weapon 1 | . . . . . 1 Highest Loss Streak 11 | . . 3 2 1 11 Average Slot Usage (%) 64 | . 47 63 62 71 65 Engine 3 | . 9 9 3 2 . Core 2 | . . . . 4 5 Hover 15 | . 14 21 18 14 12 Device 15 | . 9 22 15 14 15 Storage 7 | . 4 11 9 7 7 Processor 13 | . . . 17 15 19 Energy Gun 2 | . . . . 11 . Impact Weapon 1 | . . . . . 3 Naked Turns . | . . . . . . Heaviest Build 20 | . 8 13 16 20 20 Greatest Support 26 | 3 14 16 16 16 26 Greatest Overweight (x) 2 | . . 2 1 2 2 Average Overweight (x) . | . . . . . . Largest Inventory Capacity 8 | 4 6 8 8 8 8 Average Capacity 7 | 4 4 7 8 8 7 Most Carried 8 | 4 6 7 8 8 8 Average Carried 6 | 2 3 6 7 7 7 Final Capacity 8 | 4 6 8 8 8 4 Final Carried 8 | 4 6 6 7 8 4 Class Distribution -------------------- 85% | Mutant 14% | Ninja Dominant Class ---------------- Mutant | -10/Materials Mutant | -9/Materials Mutant | -8/Materials Mutant | -7/Factory Mutant | -7/Storage Resources | -11 -10 -9 -8 -7 -7 ----------- Run | Scr Mat Mat Mat Fac Sto Matter Collected 294 | 214 . . . 23 57 Remotely . | . . . . . . Salvage Created . | . . . . . . Parts . | . . . . . . Haulers Intercepted . | . . . . . . Recyclers Shooed . | . . . . . . Parts Field Recycled . | . . . . . . Retrieved Matter . | . . . . . . Parts Self-Destructed . | . . . . . . Prevented . | . . . . . . Kills | -11 -10 -9 -8 -7 -7 ------- Run | Scr Mat Mat Mat Fac Sto Combat Hostiles Destroyed . | . . . . . . Classes Destroyed . | . . . . . . Best Kill Streak . | . . . . . . Combat Bots Only . | . . . . . . Max Kills in Single Turn . | . . . . . . Gunslinging . | . . . . . . Exploded . | . . . . . . Melee . | . . . . . . Uniques/NPCs Destroyed . | . . . . . . Combat | -11 -10 -9 -8 -7 -7 -------- Run | Scr Mat Mat Mat Fac Sto Damage Taken 2087 | . 87 261 224 175 1340 Core 830 | . 24 48 49 79 630 Absorbed by Shields . | . . . . . . Core Remaining (%) 92 | 100 90 88 91 . . Volleys Fired . | . . . . . . Largest . | . . . . . . Hottest . | . . . . . . Shots Fired . | . . . . . . Gun . | . . . . . . Cannon . | . . . . . . Launcher . | . . . . . . Special . | . . . . . . Kinetic . | . . . . . . Thermal . | . . . . . . Explosive . | . . . . . . Electromagnetic . | . . . . . . Robot Hit Streak . | . . . . . . Robot Miss Streak . | . . . . . . Penetration Max . | . . . . . . Secondary Targets . | . . . . . . Shots Hit Robots . | . . . . . . Core Hits 5 | . . . . . 5 Critical Hits . | . . . . . . Critical Kills . | . . . . . . Critical Parts Destroyed . | . . . . . . Melee Attacks . | . . . . . . Impact . | . . . . . . Slashing . | . . . . . . Piercing . | . . . . . . Sneak Attacks . | . . . . . . Combat Hostiles . | . . . . . . Follow-up Attacks . | . . . . . . Damage Inflicted 64 | . . . . . 64 Guns . | . . . . . . Cannons . | . . . . . . Explosions . | . . . . . . Melee . | . . . . . . Ramming 64 | . . . . . 64 Kinetic . | . . . . . . Thermal . | . . . . . . Explosive . | . . . . . . Electromagnetic . | . . . . . . Impact . | . . . . . . Slashing . | . . . . . . Piercing . | . . . . . . Highest Corruption 4 | . . . . . 4 Average Corruption 2 | . . . . . 2 Corruption Purged . | . . . . . . Overload Shots . | . . . . . . Overflow Damage . | . . . . . . Projectiles . | . . . . . . Explosions . | . . . . . . Melee . | . . . . . . Knockbacks . | . . . . . . Impact . | . . . . . . Kinetic . | . . . . . . Secondary . | . . . . . . Self-Inflicted Damage 29 | . . . . . 29 Shots . | . . . . . . Rammed 15 | . . . . . 15 Targets Rammed 15 | . . . . . 15 Kicked . | . . . . . . Crushed . | . . . . . . Highest Temperature . | . . . . . . Average Temperature . | . . . . . . Received Heat Transfer 516 | . 51 123 117 36 189 Siege Activations . | . . . . . . Robots Corrupted . | . . . . . . Combat Hostiles . | . . . . . . Parts Fried . | . . . . . . Impact Corruptions . | . . . . . . Robots Melted . | . . . . . . Combat Hostiles . | . . . . . . Parts Melted . | . . . . . . Heat Transferred . | . . . . . . Parts Sabotaged . | . . . . . . Parts Stolen . | . . . . . . Parts Stripped . | . . . . . . Power Chain Reactions . | . . . . . . Missiles Intercepted . | . . . . . . Alert | -11 -10 -9 -8 -7 -7 ------- Run | Scr Mat Mat Mat Fac Sto Peak Influence 128 | . 30 75 63 69 128 Average Influence 41 | . 20 48 38 41 50 Maximum Alert Level . | . . . . . . Low Security (%) 100 | . . . . . . Level 1 . | . . . . . . Level 2 . | . . . . . . Level 3 . | . . . . . . Level 4 . | . . . . . . Level 5 . | . . . . . . High Security . | . . . . . . Max Security . | . . . . . . Squads Dispatched 7 | . . 2 1 . 4 Investigation . | . . . . . . Extermination . | . . . . . . Reinforcement 7 | . . 2 1 . 4 Assault . | . . . . . . Garrison . | . . . . . . Intercept . | . . . . . . Construction Impeded . | . . . . . . Haulers Reinforced 1 | . . . . . 1 Stealth | -11 -10 -9 -8 -7 -7 --------- Run | Scr Mat Mat Mat Fac Sto Distress Signals 3 | . . 1 1 . 1 Communications Jammed 11 | . . . . . 11 Distress Signals 11 | . . . . . 11 Times Spotted 50 | . 6 10 8 3 23 Peak Tracking Total 19 | . 5 8 7 4 19 Tactical Retreats 4 | . 1 1 . . 2 Traps | -11 -10 -9 -8 -7 -7 ------- Run | Scr Mat Mat Mat Fac Sto Traps Triggered 2 | . . . . 1 1 Indirectly . | . . . . . . Trap Hack Attempts . | . . . . . . Triggered . | . . . . . . Disarmed . | . . . . . . Reprogrammed . | . . . . . . Reused . | . . . . . . Traps Extracted . | . . . . . . Installed . | . . . . . . Triggered . | . . . . . . Machines | -11 -10 -9 -8 -7 -7 ---------- Run | Scr Mat Mat Mat Fac Sto Machines Disabled . | . . . . . . Max in Single Turn . | . . . . . . Machines Sabotaged . | . . . . . . Garrisons Compromised . | . . . . . . Overloaded Fab Kills . | . . . . . . Fab Network Shutdowns . | . . . . . . Hacking | -11 -10 -9 -8 -7 -7 --------- Run | Scr Mat Mat Mat Fac Sto Machines Accessed 15 | . 2 2 1 1 9 Terminals 14 | . 2 2 1 . 9 Fabricators . | . . . . . . Repair Stations 1 | . . . . 1 . Recycling Units . | . . . . . . Scanalyzers . | . . . . . . Garrison Access . | . . . . . . Total Hacks 34 | . 3 5 2 1 23 Successful 15 | . 2 2 . 1 10 Failed 19 | . 1 3 2 . 13 Catastrophic 4 | . . 1 . . 3 Database Lockouts . | . . . . . . Manual 29 | . 3 5 2 . 19 Terminals 33 | . 3 5 2 . 23 Fabricators . | . . . . . . Repair Stations 1 | . . . . 1 . Recycling Units . | . . . . . . Scanalyzers . | . . . . . . Garrison Access . | . . . . . . Terminal Hacks 4 | . 1 . . . 3 Part Schematic 2 | . 1 . . . 1 Open Door 1 | . . . . . 1 Locate Traps 1 | . . . . . 1 Fabricator Hacks . | . . . . . . Repair Station Hacks 1 | . . . . 1 . Refit 1 | . . . . 1 . Recycling Unit Hacks . | . . . . . . Scanalyzer . | . . . . . . Garrison Access Hacks . | . . . . . . Unauthorized Hacks 25 | . 3 4 2 . 16 Terminals 10 | . 1 2 . . 7 Botnet 10 | . 1 2 . . 7 Fabricators . | . . . . . . Repair Stations . | . . . . . . Recycling Units . | . . . . . . Scanalyzers . | . . . . . . Garrison Access . | . . . . . . Data Cores Recovered . | . . . . . . Used . | . . . . . . Hacking Detections 14 | . 2 2 1 1 8 Full Trace Events . | . . . . . . Feedback Events . | . . . . . . Feedback Blocked . | . . . . . . Robot Schematics Acquired . | . . . . . . Robots Built . | . . . . . . Matter . | . . . . . . Time . | . . . . . . Total Robot Build Rating . | . . . . . . Part Schematics Acquired 2 | . 1 . . . 1 Parts Built . | . . . . . . Matter . | . . . . . . Time . | . . . . . . Total Part Build Rating . | . . . . . . Parts Repaired . | . . . . . . Time . | . . . . . . Parts Recycled . | . . . . . . Recycled Matter . | . . . . . . Retrieved Matter . | . . . . . . Retrieved Components . | . . . . . . Parts Scanalyzed . | . . . . . . Part Schematics Acquired . | . . . . . . Parts Damaged . | . . . . . . Bothacking | -11 -10 -9 -8 -7 -7 ------------ Run | Scr Mat Mat Mat Fac Sto Used RIF Installer . | . . . . . . Robots Hacked . | . . . . . . Non-combat . | . . . . . . Combat . | . . . . . . Robot Hacks Applied . | . . . . . . Relay Couplers Released . | . . . . . . Robots Rewired . | . . . . . . Allies Hacked . | . . . . . . Hacks Repelled . | . . . . . . Allies | -11 -10 -9 -8 -7 -7 -------- Run | Scr Mat Mat Mat Fac Sto Total Allies 2 | . . . . . 2 Largest Group 2 | . . . . . 2 Highest-Rated Group 62 | . . . . . 62 Highest-Rated Ally 31 | . . . . . 31 Total Orders . | . . . . . . Ally Attacks 19 | . . . . . 19 Total Damage 315 | . . . . . 315 Kills . | . . . . . . Allies Corrupted . | . . . . . . Allies Melted . | . . . . . . Intel | -11 -10 -9 -8 -7 -7 ------- Run | Scr Mat Mat Mat Fac Sto Robot Analysis Total . | . . . . . . Derelict Logs Recovered . | . . . . . . Drone Launches . | . . . . . . Drone Recoveries . | . . . . . . Exploration | -11 -10 -9 -8 -7 -7 ------------- Run | Scr Mat Mat Mat Fac Sto Turns Passed 716 | 29 68 105 147 140 227 Spaces Moved 946 | 42 101 153 154 174 322 Core 110 | 42 49 . . . 19 Treads . | . . . . . . Legs . | . . . . . . Wheels . | . . . . . . Hover 826 | . 52 153 154 174 293 Flight 10 | . . . . . 10 Fastest Speed 37 | 50 50 56 56 56 37 Average Speed 59 | 50 54 61 57 72 54 Slowest Speed 180 | 50 60 180 120 180 150 Overloaded Moves . | . . . . . . Propulsion Burnouts . | . . . . . . Robots Hopped 2 | . . . . . 2 Cave-ins Triggered . | . . . . . . Exploration Rate (%) 23 | 3 33 21 21 4 59 Regions Visited 5 Branch Regions 1 Pre-discovered Areas . | . . . . . . Known Exits Taken . | . . . . . . Unknown Exits Taken 5 | 1 1 1 1 1 . Scrap Searched . | . . . . . . Spaces Dug . | . . . . . . Terrain Destroyed . | . . . . . . Melee . | . . . . . . Projectile . | . . . . . . AOE . | . . . . . . Actions | -11 -10 -9 -8 -7 -7 --------- Run | Scr Mat Mat Mat Fac Sto Total 1094 | 49 113 163 211 188 370 Wait 70 | . . 2 44 8 16 Move 937 | 41 100 152 153 173 318 Hop 2 | . . . . . 2 Pick Up 22 | 5 5 4 4 1 3 Fast Attach 13 | 2 3 . 3 2 3 Attach 13 | . 2 3 1 1 6 Detach 2 | . . . . 1 1 Swap 5 | . . 1 2 . 2 Drop 15 | 1 3 1 4 2 4 Fire . | . . . . . . Melee . | . . . . . . Ram 15 | . . . . . 15 Kick . | . . . . . . Crush . | . . . . . . Escape Stasis . | . . . . . . Rewire . | . . . . . . Trap . | . . . . . . Miscellaneous . | . . . . . . Route ------- -11/Scrapyard -10/Materials -9/Materials -8/Materials -7/Factory -7/Storage (discovered 1 exit: [Rec]) History --------- Turn | Location | Event 14 | -11/Scrapyard | Discovered new exit (range 15) 30 | -11/Scrapyard | Entered Materials 90 | -10/Materials | Discovered new exit (range 14) 98 | -10/Materials | Entered another Materials area 98 | -9/Materials | Evolved 2 slots: Utility x2 197 | -9/Materials | Discovered new exit (range 14) 203 | -9/Materials | Entered another Materials area 203 | -8/Materials | Evolved 2 slots: Utility x2 218 | -8/Materials | Lost 3 parts (1p2n) 333 | -8/Materials | Build established: Mutant 334 | -8/Materials | Discovered new exit (range 14) 350 | -8/Materials | Entered Factory 350 | -7/Factory | Evolved 2 slots: Utility x2 477 | -7/Factory | Discovered new exit (range 8) 490 | -7/Factory | Entered Storage 553 | -7/Storage | Met a pair of Derelict thieves 637 | -7/Storage | Discovered new exit (range 20) 681 | -7/Storage | Core integrity fell below 50% 706 | -7/Storage | Core integrity fell below 20% 717 | -7/Storage | Destroyed by H-55 Commando with Assault Rifle Last Messages --------------- 00702_ K-01 Serf destroyed. 00704_ ALERT: Hostiles spotted, dispatching reinforcements to Terminal S007. 00704_ ALERT: Hostiles spotted, dispatching reinforcements to Terminal S003. 00705_ Extracted 41 matter. 00705_ Maul destroyed. 00707_ Acquired 16 matter. 00707_ U-05 Engineer lays Concrete. 00709_ Door malfunctions. 00709_ ALERT: Hostiles spotted, dispatching reinforcements to Terminal S004. 00711_ R-06 Scavenger collects Wheel. 00713_ U-05 Engineer repairs door. 00714_ S-27 Virus destroyed. 00714_ Slammed into K-01 Serf. 00715_ R-06 Scavenger collects Med. Matter Pod. 00715_ K-01 Serf destroyed. 00715_ Slammed into Y-54 Guardian. 00715_ Destabilizing: System corrupted (+2). Map ----- +----------------------------------------------------+ | * "" # ! [########?#?########?????????????? | | # #####??#?#?###?#???#????????????? | | ##+#########+######?####????###?#??##????????????? | | ##??##?#??#??#?????????????????? | | ###?#?###?#????????????????????? | | ##?##????##????????????????????? | | ####################?#?#?#?#????????????????????? | | ####T############?###????#?##???????????????????? | | # ## ?#??#??????????????????????? | | # """ ## "?? ???##??#??????????????????? | | # "Y """ """ # ""?? ?##???????????????????????? | | + """ """ """ ## ?"????#????????????????????????? | | # """ """ ?# ????????????????????????????? | | # ## ???#?##?????????????????????? | | ###########?######?#??#?????????????????????????? | | ###?##?### ? ??? ####??#?####??????????????????? | | ##########"" ?? ???? ? ???????????????????? | | #####?###??" ? ## ???????????????????? | | #?########"T ##?""""" ????????????????????? | | ##########"" ?""? #??"""""a ????????????????????? | | ########?#""?"?"" #???"""" ??#??????????????????? | | ##### #### ?""" #??? ? #??????????????????? | | # # ?""" #????[ ???????????????????? | | + # ? ?????? ?????????????????????? | | # #####+#########/#########+#????????????? | | # #s Y@ g a ????????? | | ## """ u [ r *! Yo g ????????? | | ## "R #u =%=u g g hg????????? | | ## """ # ##########l#######+######?????????? | | ## """ # #????????# ?????????????????????? | | ## # +????????T #???????????????????? | | ###""T""### #????????#" "##???????????????????? | | ?##"""""### #?????????? ?????????????????????? | | ########### +?????????? ?????????????????????? | | #### ?? # #??????????!!!????????????????????? | | #### ?? # #??????????!!!????????????????????? | | #?## ? + #??????????####???????????????????? | | ##?# ?# #?????????????????????????????????? | | ?## ?? ? ?# #?????????????????????????????????? | | ###?? ?? # ?????????????????????????????????? | | ########?#######?????????????????????????????????? | | ##?#??##?###?????????????????????????????????????? | | #??#?#??#??###???????????????????????????????????? | | ?###?#????#??#???????????????????????????????????? | | #?#?????#?#??##??????????????????????????????????? | | | | | | | | | | | +----------------------------------------------------+ Best States ------------- Heat Dissipation 34 Energy Generation 15 Energy Capacity 265 Matter Stores 294 Matter Capacity 300 Sight Range 16 Robot Scan Range 16 Terrain Scan Range 20 Terrain Scan Density 610 Jamming Range 8 Evasion (%) 62 Item Schematics ----------------- Hover Unit | -10/Materials | Hacked Hacking Suite | -7/Storage | Hacked Robot Schematics ------------------ None Fabricated ------------ Nothing Alien Tech Used ----------------- None Achievements -------------- None Challenges ------------ None Game ------ Seed StorageSensorSource Manual? 0 Play Time 00:24:55 Cumulative 96.6 hours Start 2019.11.10 @ 12:15:53 End 2019.11.10 @ 12:39:38 Sessions 1 Manual Loads 0 Difficulty Rogue Special Mode None Game No. 32 Rogue -12 Adventurer 22 Explorer 1 Win Type - Total 3 Types 3/0/0/0/0/0/0 Lore% 30 Gallery% 60 Achievement% 46 Wizard Run 0 Options --------- ASCII 0 Keyboard 0 Movement Numpad Keybinds 0 Fullscreen 0 Font 20/Terminus Map View 76x50 Tactical HUD 1 Map Filters NONE Filters NONE Steam 1 RUN: 28fbf01b-b47d-4eff-b295-04ac5f1e9917